 Dungeon Crawl Stone Soup version 0.31-a0-204-g7da18cac08 (webtiles) character file.

Game seed: 12530355774225958213

505 qw the Skirmisher (level 6, 0/30 (36) HPs)
             Began as a Deep Elf Hunter on June 27, 2023.
             Was an Initiate of Okawaru.
             Slain by Eustachio
             ... wielding a +1 rapier of draining
              (3 damage)
             ... on level 4 of the Dungeon.
             The game lasted 00:01:16 (2687 turns).

qw the Skirmisher (Deep Elf Hunter)                 Turns: 2687, Time: 00:01:16

HP:   0/30 (36)     AC:  5    Str: 16    XL:     6   Next: 96%
MP:   8/8           EV: 12    Int: 14    God:    Okawaru [......]
Gold: 291           SH:  0    Dex: 18    Spells: 5/5 levels left

rFire   . . .        Y - +0 shortbow
rCold   . . .        (shield currently unavailable)
rNeg    . . .        h - +0 ring mail
rPois   .            (no helmet)
rElec   .            (no cloak)
rCorr   .            (no gloves)
SInv    .            (no boots)
Will    .....        f - amulet of regeneration
Stlth   +            n - +6 ring of strength
HPRegen 1.05/turn    (no ring)
MPRegen 0.11/turn

%: no passive effects
@: heavily drained
A: no striking features
a: Renounce Religion


You were on level 4 of the Dungeon.
You worshipped Okawaru.
Okawaru was noncommittal.
You visited 2 branches of the dungeon, and saw 5 of its levels.

You collected 291 gold pieces.


   Skills:
 - Level 2.4 Fighting
 + Level 10.2 Ranged Weapons
 - Level 3.5 Dodging
 - Level 1.2 Stealth


You had 5 spell levels left.
You didn't know any spells.
Your spell library was empty.

Inventory:

Hand Weapons
 Y - a +0 shortbow (weapon)
Armour
 h - a +0 ring mail (worn)
Jewellery
 e - a ring of fire
 f - an amulet of regeneration (around neck)
 n - a +6 ring of strength (left hand)
Scrolls
 l - a scroll of identify
Potions
 b - a potion of curing {unknown}
 c - a potion of attraction {unknown}
 d - a potion of heal wounds {unknown}
 g - a potion of berserk rage {unknown}
 i - a potion of enlightenment {unknown}
 j - a potion of resistance {unknown}
 k - a potion of cancellation {unknown}
 m - a potion of haste

Dungeon Overview and Level Annotations

Branches:
Dungeon (4/15)             Temple (1/1) D:4

Altars:
Dithmenos
Elyvilon
Fedhas
Gozag
Kikubaaqudgha
Makhleb
Nemelex Xobeh
Okawaru
Qazlal
Ru
Sif Muna
Trog
Uskayaw
Vehumet
Wu Jian
Xom
Yredelemnul
Zin
The Shining One

Annotations:
D:4 Eustachio


Message History

Eustachio gestures wildly while chanting.
The shadow imp hits you but does no damage.
You shoot an arrow.
The arrow hits the shadow imp but does no damage.
The shadow imp is heavily wounded.
The ufetubus disappears in a puff of smoke!
Eustachio hits you with a +1 rapier of draining!
You feel drained. The shadow imp barely misses you.
You shoot an arrow. The arrow hits the shadow imp.
The shadow imp is almost dead.
Eustachio calls on the powers of shadow!
Eustachio closely misses you. The shadow imp barely misses you.
You shoot an arrow. The arrow hits the shadow imp!
You kill the shadow imp!
The shadow imp disappears in a puff of smoke!
Eustachio screams, "At last I'll have my revenge!"
Eustachio hits you with a +1 rapier of draining.
You feel drained.
You shoot an arrow. The arrow barely misses Eustachio.
Eustachio mumbles some strange words.
You shoot an arrow. The arrow hits Eustachio!
Eustachio is severely wounded.
Eustachio hits you with a +1 rapier of draining.
You feel drained. The quokka barely misses you.
You shoot an arrow. The arrow hits Eustachio.
Eustachio is severely wounded.
Eustachio gestures wildly while chanting.
Eustachio blinks!
The quokka closely misses you.
You shoot an arrow. The arrow barely misses the quokka.
The arrow hits Eustachio.
Eustachio is almost dead.
Eustachio mumbles some strange words.
Eustachio blinks!
The quokka bites you but does no damage.
You shoot an arrow. The arrow closely misses Eustachio.
The quokka twitches its whiskers.
The quokka bites you.
Eustachio hits you with a +1 rapier of draining.
You feel drained.
You die...

#.# #.......##.)
#.# #.........).
#.# #.......####
#.# #.#....#####
#.# #.#.........
#5# # #......>##
#5# #....#.##.#
#@########..#.##.#
#.@r...ยค..)...##.#
##########....##.##
#....##.#.
#.........
#.........
#.#####.#. #.#.
#.#. #.#.


You could see Eustachio, an iron imp (summoned), a crimson imp (summoned) and a
quokka (summoned).

Vanquished Creatures
  An ogre (D:4)
  A phantom (D:4)
  2 scorpions (D:4)
  2 orc priests (D:3)
  An iguana (D:4)
  An orc wizard (D:3)
  3 adders
  2 worms
  2 dart slugs
  4 orcs (D:3)
  8 endoplasms
  5 giant cockroaches
  8 goblins
  10 hobgoblins
  3 jackals (D:4)
  5 kobolds
  3 quokkas (D:3)
  9 ball pythons
  5 bats
  10 rats
85 creatures vanquished.

Notes
Turn   | Place    | Note
-------+----------+-------------------------------------------
     0 | D:1      | qw the Deep Elf Hunter began the quest for the Orb.
     0 | D:1      | Reached XP level 1. HP: 12/12 MP: 3/3
     0 | D:1      | 0 ||| qw: Version: 0.3-a-22-g0ed2b0b
     0 | D:1      | 0 ||| qw: Game counter: 6465
     0 | D:1      | 0 ||| qw: Melee chars always use a shield: true
     0 | D:1      | 0 ||| qw: God list: Okawaru
     0 | D:1      | 0 ||| qw: Allow faded altars: false
     0 | D:1      | 0 ||| qw: Do Orc after clearing Dungeon:15 true
     0 | D:1      | 0 ||| qw: Do second Lair branch before Depths: true
     0 | D:1      | 0 ||| qw: Lair rune preference: random
     0 | D:1      | 0 ||| qw: Goals: Normal
     0 | D:1      | 0 ||| PLANNING D:1-11
    88 | D:1      | Reached XP level 2. HP: 12/16 MP: 4/4
    92 | D:1      | Reached skill level 6 in Ranged Weapons
   403 | D:1      | Found a faded altar of an unknown god.
   710 | D:1      | Reached XP level 3. HP: 20/20 MP: 5/5
   747 | D:1      | 747 ||| UPGRADING to +0 ring mail.
   757 | D:1      | 757 ||| DROPPING +0 leather armour.
   758 | D:1      | 758 ||| UPGRADING to amulet of regeneration.
   763 | D:1      | 763 ||| READING scroll labelled ZARCHE HUOLASA.
   764 | D:1      | 764 ||| READING scroll labelled BUEPHY UTHOEGH.
   765 | D:1      | 765 ||| READING scroll labelled DOANUO LUPODWI.
   766 | D:1      | 766 ||| DROPPING scroll of butterflies.
   931 | D:2      | 931 ||| FLEEEEING.
  1133 | D:2      | 1133 ||| FLEEEEING.
  1141 | D:2      | Reached skill level 7 in Ranged Weapons
  1328 | D:2      | 1328 ||| DRINKING 2 pink potions.
  1329 | D:2      | 1329 ||| DROPPING potion of degeneration.
  1388 | D:3      | Identified the +7 short sword of the Coin {spect, *Slow
                  | Int+6}
  1480 | D:3      | Reached XP level 4. HP: 25/25 MP: 6/6
  1602 | D:3      | 1602 ||| FLEEEEING.
  1603 | D:3      | 1603 ||| FLEEEEING.
  1604 | D:3      | 1604 ||| FLEEEEING.
  1605 | D:3      | 1605 ||| FLEEEEING.
  1609 | D:3      | 1609 ||| FLEEEEING.
  1610 | D:3      | 1610 ||| FLEEEEING.
  1613 | D:3      | Reached skill level 8 in Ranged Weapons
  1886 | D:3      | Reached XP level 5. HP: 19/29 MP: 7/7
  2048 | D:3      | 2048 ||| READING 2 scrolls labelled YSTREI RESU.
  2049 | D:3      | 2049 ||| READING scroll labelled CUNNUM POWNO.
  2050 | D:3      | 2050 ||| READING scroll labelled FOMEUB LOAZEGE.
  2051 | D:3      | 2051 ||| DRINKING 2 ruby potions.
  2052 | D:3      | 2052 ||| DROPPING potion of invisibility.
  2064 | D:4      | Noticed an ogre
  2067 | D:4      | Noticed a phantom
  2073 | D:4      | Killed an ogre
  2074 | D:4      | Reached skill level 9 in Ranged Weapons
  2085 | D:4      | Killed a phantom
  2085 | D:4      | HP: 7/29 [kobold/+0 dagger (1)]
  2086 | D:4      | Reached XP level 6. HP: 9/36 MP: 8/8
  2090 | D:4      | HP: 9/36 [goblin/+0 dagger (3)]
  2202 | D:4      | Reached skill level 10 in Ranged Weapons
  2292 | D:4      | HP: 6/36 [scorpion (7)]
  2295 | D:4      | Reached skill level 3 in Dodging
  2470 | D:4      | Found a staircase to the Ecumenical Temple.
  2471 | D:4      | 2471 ||| PLANNING TEMPLE
  2471 | D:4      | 2471 ||| UPGRADING to +6 ring of strength.
  2472 | D:4      | 2472 ||| DRINKING 2 lumpy red potions.
  2473 | D:4      | 2473 ||| READING 2 scrolls of identify.
  2473 | D:4      | 2473 ||| IDENTIFYING smoky grey potion
  2474 | D:4      | 2474 ||| DROPPING potion of ambrosia.
  2484 | Temple   | Entered the Ecumenical Temple
  2484 | Temple   | Found a transporter.
  2484 | Temple   | Found a transporter.
  2486 | Temple   | Found a transporter.
  2486 | Temple   | Found a transporter.
  2496 | Temple   | 2496 ||| PLANNING D:1-11
  2511 | Temple   | 2511 ||| PLANNING OKAWARU WORSHIP
  2515 | Temple   | Became a worshipper of Warmaster Okawaru
  2516 | Temple   | 2516 ||| PLANNING D:1-11
  2665 | D:4      | Noticed Eustachio
  2684 | D:4      | HP: 8/32 [Eustachio/+1 rapier of draining (3)]
  2687 | D:4      | HP: 3/31 [Eustachio/+1 rapier of draining (6)]
  2687 | D:4      | Slain by Eustachio

Levels and vault maps discovered:
D:1:      wheals_arrival_shading, layout_basic,
          dreamdust_ecumenical_altar_angels_and_demons
D:2:      layout_basic, nicolae_concentric_dashed_squares_wild
D:3:      layout_basic
D:4:      layout_loops_ring, marbit_many_paths, lemuel_tele_altar,
          minmay_temple_entry_waves, uniq_eustachio
Temple:   hellmonk_temple_divided_pantheon

Skill      XL: |  1  2  3  4  5  6 |
---------------+-------------------+-----
Ranged Weapons | 6 7 8 9 10 | 10.2
Fighting       | 2 |  2.4
Dodging        | 3 |  3.5
Stealth        | |  1.2

Action                     |  1- 3 |  4- 6 || total
---------------------------+-------+-------++-------
   Fire: Shortbow          |   130 |   166 ||   296
    Use: Scroll            |     3 |     4 ||     7
         Potion            |     1 |     2 ||     3
 Armour: Leather armour    |     1 |       ||     1
         Ring mail         |     7 |    27 ||    34
  Dodge: Dodged            |    23 |    72 ||    95

Table legend:
 A = Non-vault XP
 B = Vault XP
 C = Vault XP percentage of total XP
 D = Non-vault monster count
 E = Vault monster count
 F = Vault count percentage of total count
                 A         B        C        D         E       F
            +---------+---------+-------+---------+---------+-------
      Total |     722 |       0 |   0.0 |      85 |       0 |   0.0
            +---------+---------+-------+---------+---------+-------
        D:1 |      45 |       0 |   0.0 |      28 |       0 |   0.0
        D:2 |      43 |       0 |   0.0 |      15 |       0 |   0.0
        D:3 |     171 |       0 |   0.0 |      20 |       0 |   0.0
        D:4 |     463 |       0 |   0.0 |      22 |       0 |   0.0
            +---------+---------+-------+---------+---------+-------
